 Dungeon Crawl Stone Soup version 0.29.1-15-g9cfb28693d (webtiles) character file.

Game seed: 13912974483346586889

575 croobank the Chiller (level 7, -20/51 HPs)
             Began as a Gnoll Ice Elementalist on Apr 26, 2023.
             Was an Initiate of Vehumet.
             Demolished by a shadow (32 damage)
             ... on level 5 of the Dungeon.
             The game lasted 00:14:51 (5050 turns).

croobank the Chiller (Gnoll Ice Elementalist)       Turns: 5050, Time: 00:14:52

Health: -20/51     AC:  8    Str:  7    XL:     7   Next: 35%
Magic:  12/15      EV: 13    Int: 17    God:    Vehumet [......]
Gold:   143        SH:  0    Dex: 12    Spells: 9/17 levels left

rFire   . . .      SeeInvis .   a - +1 short sword (venom)
rCold   . . .      Faith    .   (no shield)
rNeg    . . .      Spirit   .   l - +0 leather armour
rPois   +          Reflect  .   (no helmet)
rElec   .          Harm     .   (no cloak)
rCorr   .          Rampage  .   (no gloves)
Will    .....                   (no boots)
Stlth   ++........              (no amulet)
HPRegen 0.17/turn               o - ring of poison resistance
MPRegen 0.14/turn               (no ring)

@: mighty, ice-armoured, about to teleport
A: fangs 1, strong nose, distributed training
a: Renounce Religion


You were on level 5 of the Dungeon.
You worshipped Vehumet.
Vehumet was noncommittal.
You visited 2 branches of the dungeon, and saw 6 of its levels.
You also visited: Sewer.

You collected 143 gold pieces.

Inventory:

Hand Weapons
 a - a +1 short sword of venom (weapon)
 b - a +0 shortbow
 c - a +0 short sword
 f - a +0 dagger
 g - a +0 spear
 m - a +0 sling
Missiles
 u - 4 boomerangs
Armour
 h - a +0 robe
 l - a +0 leather armour (worn)
 t - a +0 ring mail
Jewellery
 o - a ring of poison resistance (left hand)
Wands
 w - a wand of polymorph (7)
Scrolls
 e - a scroll of poison
 k - 2 scrolls of teleportation
 q - a scroll of enchant armour {unknown}
Potions
 d - 2 potions of magic
 n - a potion of brilliance
 r - a potion of invisibility {unknown}
 s - 2 potions of lignification {unknown}
 v - 2 potions of berserk rage {unknown}


   Skills:
 + Level 2.5 Fighting
 + Level 2.5 Short Blades
 + Level 2.5 Long Blades
 + Level 2.5 Axes
 + Level 2.5 Maces & Flails
 + Level 2.5 Polearms
 + Level 2.5 Staves
 + Level 2.5 Ranged Weapons
 + Level 2.5 Throwing
 + Level 2.5 Armour
 + Level 5.2 Dodging
 + Level 4.9 Stealth
 + Level 2.5 Shields
 + Level 2.5 Unarmed Combat
 + Level 5.6 Spellcasting
 + Level 2.0 Conjurations
 + Level 2.0 Hexes
 + Level 2.0 Summonings
 + Level 2.0 Necromancy
 + Level 2.0 Translocations
 + Level 2.0 Transmutations
 + Level 2.0 Fire Magic
 + Level 7.4 Ice Magic
 + Level 2.0 Air Magic
 + Level 2.0 Earth Magic
 + Level 2.0 Poison Magic
 + Level 2.8 Invocations
 + Level 2.5 Evocations


You had 9 spell levels left.
You knew the following spells:

 Your Spells              Type           Power      Damage    Failure   Level
a - Freeze                Ice            100%       1d11      1%          1
b - Frozen Ramparts       Ice            60%        1d10      2%          3
c - Ozocubu's Armour      Ice            30%        N/A       2%          3
d - Beastly Appendage     Tmut           22%        N/A       9%          1

Your spell library contained the following spells:

 Spells                   Type           Power      Damage    Failure   Level
 Wereblood                Tmut           11%        N/A       12%         2
 Dazzling Flash           Conj/Hex       22%        N/A       24%         3
 Spider Form              Tmut/Pois      11%        N/A       24%         3
 Hailstorm                Conj/Ice       21%        3d6       26%         4
 Iskenderun's Mystic Bla  Conj/Tloc      11%        2d4       63%         4
 Starburst                Conj/Fire      5%         6d4       100%        6


Dungeon Overview and Level Annotations

Branches:
Dungeon (5/15)             Temple (1/1) D:4           Sewer (visited)

Altars:
Ashenzari
Dithmenos
Elyvilon
Fedhas
Gozag
Hepliaklqana
Kikubaaqudgha
Nemelex Xobeh
Okawaru
Qazlal
Ru
Sif Muna
Trog
Uskayaw
Vehumet
Wu Jian
Yredelemnul
The Shining One

Shops:
D:4 =


Innate Abilities, Weirdness & Mutations

You have very sharp teeth.
Your uncanny sense of smell can sniff out nearby items.
Your experience applies equally to all skills.


Message History

The shadow is moderately damaged.
The shadow barely misses you.
You hit the shadow.
The shadow is moderately damaged.
The shadow hits you.
You feel better. The shadow hits you.
Casting: Freeze (safe; 1% risk of failure)
Confirm with . or Enter, or press ? or * to list all spells.
A film of ice covers your body! The shadow hits you!
* * * LOW HITPOINT WARNING * * *
Okay, then.
Okay, then.
As you read the scroll labelled PEOMIMMYWUKK, it crumbles to dust.
You feel strangely unstable.
It was a scroll of teleportation.
The shadow slips into darkness.
The shadow flickers and vanishes!
Deactivating autopickup; reactivate with Ctrl-A.
Your icy armour will break if you move.
Continue?
Okay, then.
Okay, then.
Your icy armour will break if you move.
Continue? [Y]es or [N]o only, please.
Your icy armour will break if you move.
Continue?
Okay, then.
Your icy armour will break if you move.
Continue?
You barely miss something.
The shadow strikes at you from the darkness!
* * * LOW HITPOINT WARNING * * *
Reactivating autopickup.
You feel better.
The shadow slips into darkness.
The shadow flickers and vanishes!
Deactivating autopickup; reactivate with Ctrl-A.
Your icy armour will break if you move.
Continue? [Y]es or [N]o only, please.
Your icy armour will break if you move.
Continue?
You miss something. Your bite misses something.
The shadow strikes at you from the darkness!
Ouch! That really hurt!
You die...

#######..........###
#.####.......# #
#######.########.#.# .
..............##.#.#####.
.........####.##.#.#.....
..........### ##.#....###
..#.........#.##.###.##
..........#....#.# #.#
#...##..@##†###..# #.#
#### ##.{...# # #<#
#.....# #.# #.......
#.#### ........# #.....
.........# ######
........... ..........##


There were no monsters in sight!

Vanquished Creatures
  A water moccasin (D:5)
  Pargi (Sewer)
  A centaur (D:5)
  A phantom (D:5)
  A hound (D:4)
  An orc priest (D:4)
  An iguana (D:4)
  4 adders
  2 ufetubi (D:4)
  A dart slug (D:1)
  A worm (D:2)
  5 orcs
  12 ball pythons
  5 endoplasms
  6 giant cockroaches
  11 goblins
  5 hobgoblins
  3 jackals
  7 kobolds
  3 quokkas (D:1)
  7 bats
  2 frilled lizards
  2 rats
83 creatures vanquished.

Vanquished Creatures (others)
  45 plants
45 creatures vanquished.

Grand Total: 128 creatures vanquished

Notes
Turn   | Place    | Note
-------+----------+-------------------------------------------
     0 | D:1      | croobank the Gnoll Ice Elementalist began the quest for the
                  | Orb.
     0 | D:1      | Reached XP level 1. HP: 13/13 MP: 6/6
   385 | D:1      | Reached XP level 2. HP: 19/19 MP: 1/7
   794 | D:1      | Reached skill level 5 in Spellcasting
   794 | D:1      | Reached XP level 3. HP: 25/25 MP: 7/9
   870 | D:1      | Reached skill level 1 in Invocations
  1184 | D:1      | Learned a level 3 spell: Frozen Ramparts
  1318 | D:2      | Reached skill level 1 in Fighting
  1318 | D:2      | Reached skill level 1 in Short Blades
  1318 | D:2      | Reached skill level 1 in Long Blades
  1318 | D:2      | Reached skill level 1 in Axes
  1318 | D:2      | Reached skill level 1 in Maces & Flails
  1318 | D:2      | Reached skill level 1 in Polearms
  1318 | D:2      | Reached skill level 1 in Staves
  1318 | D:2      | Reached skill level 1 in Ranged Weapons
  1318 | D:2      | Reached skill level 1 in Throwing
  1318 | D:2      | Reached skill level 1 in Armour
  1318 | D:2      | Reached skill level 1 in Shields
  1318 | D:2      | Reached skill level 1 in Unarmed Combat
  1318 | D:2      | Reached skill level 1 in Evocations
  1556 | D:2      | Reached XP level 4. HP: 32/32 MP: 7/11
  1719 | D:2      | Found a sparkling altar of Nemelex Xobeh.
  2075 | D:2      | Learned a level 3 spell: Ozocubu's Armour
  3006 | D:3      | Found a glowing drain.
  3012 | D:3      | Reached skill level 1 in Conjurations
  3012 | D:3      | Reached skill level 1 in Hexes
  3012 | D:3      | Reached skill level 1 in Summonings
  3012 | D:3      | Reached skill level 1 in Necromancy
  3012 | D:3      | Reached skill level 1 in Translocations
  3012 | D:3      | Reached skill level 1 in Transmutations
  3012 | D:3      | Reached skill level 1 in Fire Magic
  3012 | D:3      | Reached skill level 1 in Air Magic
  3012 | D:3      | Reached skill level 1 in Earth Magic
  3012 | D:3      | Reached skill level 1 in Poison Magic
  3018 | Sewer    | Entered a sewer
  3069 | Sewer    | Noticed Pargi
  3081 | Sewer    | Killed Pargi
  3082 | Sewer    | Reached XP level 5. HP: 27/37 MP: 1/12
  3299 | D:3      | Found a faded altar of an unknown god.
  3688 | D:4      | Found Rek Yser's Jewellery Boutique.
  3731 | D:4      | Reached XP level 6. HP: 38/44 MP: 7/13
  3811 | D:4      | Found a staircase to the Ecumenical Temple.
  3831 | Temple   | Entered the Ecumenical Temple
  4149 | D:4      | Reached skill level 5 in Dodging
  4443 | D:4      | Found a white marble altar of Elyvilon.
  4542 | D:4      | Found a radiant altar of Vehumet.
  4544 | D:4      | Found a basalt altar of Yredelemnul.
  4547 | D:4      | Became a worshipper of Vehumet
  4670 | D:5      | Entered Level 5 of the Dungeon
  4843 | D:5      | Noticed a water moccasin
  4851 | D:5      | Killed a water moccasin
  4852 | D:5      | Reached XP level 7. HP: 30/51 MP: 8/15
  4902 | D:5      | Noticed a shadow
  4973 | D:5      | Learned a level 1 spell: Beastly Appendage
  5050 | D:5      | Demolished by a shadow

Illustrated notes

Levels and vault maps discovered:
D:1:      scummos_arrival_star, layout_basic
D:2:      layout_basic, basic_altar
D:3:      layout_rooms, portal_sewer_entry_d, nicolae_ecumenical_oubliette,
          hex_intersection
D:4:      layout_rooms, gammafunk_temple_overflow_forgotten,
          minmay_temple_entry_overgrown, serial_shops,
          nicolae_shop_competitors_out_of_business
D:5:      kennysheep_kobold_camp, layout_loops_ring, uniq_ijyb
Temple:   nicolae_temple_bog_church

Skill      XL: |  1  2  3  4  5  6 |
---------------+-------------------+-----
Spellcasting   | 5 |  5.6
Invocations    | 1 2 |  2.8
Fighting       | 1 2 |  2.5
Short Blades   | 1 2 |  2.5
Long Blades    | 1 2 |  2.5
Axes           | 1 2 |  2.5
Maces & Flails | 1 2 |  2.5
Polearms       | 1 2 |  2.5
Staves         | 1 2 |  2.5
Ranged Weapons | 1 2 |  2.5
Throwing       | 1 2 |  2.5
Armour         | 1 2 |  2.5
Shields        | 1 2 |  2.5
Unarmed Combat | 1 2 |  2.5
Evocations     | 1 2 |  2.5
Conjurations   | 1 2 |  2.0
Hexes          | 1 2 |  2.0
Summonings     | 1 2 |  2.0
Necromancy     | 1 2 |  2.0
Translocations | 1 2 |  2.0
Transmutations | 1 2 |  2.0
Fire Magic     | 1 2 |  2.0
Air Magic      | 1 2 |  2.0
Earth Magic    | 1 2 |  2.0
Poison Magic   | 1 2 |  2.0
Dodging        | 5 |  5.2
Stealth        | |  4.9
Ice Magic      | |  7.4

Action                   |  1- 3 |  4- 6 |  7- 9 || total
-------------------------+-------+-------+-------++-------
Melee: Unarmed           |     6 |       |       ||     6
       Bite              |     1 |     1 |     2 ||     4
       Short sword       |    28 |    36 |    24 ||    88
       Punch             |       |     1 |       ||     1
       Kick              |       |       |     4 ||     4
       Headbutt          |       |       |     2 ||     2
 Fire: Sling             |     2 |     2 |       ||     4
       Shortbow          |       |     4 |       ||     4
 Cast: Freeze            |    33 |     2 |     1 ||    36
       Frozen Ramparts   |     5 |    25 |     2 ||    32
       Ozocubu's Armour  |       |     9 |     1 ||    10
       Beastly Appendage |       |       |     1 ||     1
  Use: Scroll            |       |     8 |     1 ||     9
       Potion            |       |       |     4 ||     4
 Stab: Sleeping          |     5 |     4 |       ||     9
       Distracted        |       |     1 |       ||     1
Armor: Robe              |    12 |    14 |       ||    26
       Leather armour    |       |     4 |     4 ||     8
Dodge: Dodged            |    61 |    32 |    10 ||   103
